 Dungeon Crawl Stone Soup version 0.30-a0-591-g3c58d2bc28 (webtiles) character file.

Game seed: 8179823281683257394

256 sanka the Digger (level 5, -7/38 HPs)
             Began as a Demigod Earth Elementalist on Jan 4, 2023.
             Mangled by Crazy Yiuf
             ... wielding a +3 quarterstaff of chaos
              (8 damage)
             ... on level 3 of the Dungeon.
             The game lasted 00:03:45 (2666 turns).

sanka the Digger (Demigod Earth Elementalist)       Turns: 2666, Time: 00:03:45

Health: -7/38      AC:  9    Str:  6    XL:     5   Next: 61%
Magic:  16/19      EV: 12    Int: 21    God:
Gold:   228        SH:  0    Dex: 14    Spells: 7/8 levels left

rFire   . . .      SeeInvis +    s - +3 whip "Dragonbane" {venom, Will+ MP+9 Str-3 Stlth+}
rCold   . . .      Faith    .    (no shield)
rNeg    . . .      Spirit   .    a - +0 robe
rPois   .          Reflect  .    h - +0 helmet
rElec   .          Harm     .    q - +1 cloak
rCorr   .          Rampage  .    (no gloves)
Will    +....                    (no boots)
Stlth   +++                      (no amulet)
HPRegen 0.26/turn                v - +4 ring of protection
MPRegen 0.16/turn                r - ring of see invisible

@: mighty
A: high MP 1, forlorn, divine attributes
a: no special abilities


You were on level 3 of the Dungeon.
You visited 1 branch of the dungeon, and saw 3 of its levels.

You collected 228 gold pieces.


Innate Abilities, Weirdness & Mutations

You have an increased reservoir of magic. (+10% MP)
You shall have no god before yourself.
Your divine heritage dramatically boosts your attributes as you level up.


   Skills:
 - Level 1.7 Dodging
 - Level 1.7 Stealth
 - Level 2.0 Spellcasting
 - Level 0.8 Transmutations
 + Level 6.0 Earth Magic


You had 7 spell levels left.
You knew the following spells:

 Your Spells              Type           Power      Damage    Failure   Level
z - Sandblast             Erth           54%        2d13      1%          1

Your spell library contained the following spells:

 Spells                   Type           Power      Damage    Failure   Level
 Passwall                 Tmut/Erth      13%        N/A       5%          2
 Stone Arrow              Conj/Erth      28%        3d8       13%         3
 Freeze                   Ice            8%         1d3       14%         1
 Summon Small Mammal      Summ           8%         N/A       14%         1
 Petrify                  Tmut/Erth      16%        N/A       34%         4
 Leda's Liquefaction      Hex/Erth       7%         N/A       38%         4
 Call Canine Familiar     Summ           2%         N/A       41%         3
 Frozen Ramparts          Ice            4%         1d1       41%         3
 Hailstorm                Conj/Ice       2%         3d3       41%         3
 Summon Guardian Golem    Hex/Summ       2%         N/A       41%         3
 Fulminant Prism          Conj/Hex       1%         3d5       82%         4
 Statue Form              Tmut/Erth      10%        N/A       99%         6

Inventory:

Hand Weapons
 s - the +3 whip "Dragonbane" (weapon) {venom, Will+ MP+9 Str-3 Stlth+}

   Str:       It affects your strength (-3).
   MP:        It affects your magic capacity (+9).
   Will:      It increases your willpower.
   Stlth:     It makes you more stealthy.
Armour
 a - a +0 robe (worn)
 h - a +0 helmet (worn)
 q - a +1 cloak (worn)
Jewellery
 f - a ring of fire
 r - a ring of see invisible (right hand)
 v - a +4 ring of protection (left hand)
Scrolls
 c - 4 scrolls of identify {unknown}
 d - a scroll of immolation {unknown}
 e - a scroll of noise {unknown}
 i - 2 scrolls of enchant weapon {unknown}
 j - a scroll of acquirement {unknown}
 k - 2 scrolls of fog {unknown}
 l - a scroll of fear {unknown}
 p - a scroll of amnesia {unknown}
Potions
 b - a potion of magic
 g - a potion of mutation {unknown}
 m - a potion of curing {unknown}
 n - a potion of lignification {unknown}
 o - a potion of flight {unknown}
 t - a potion of might {unknown}
 u - a potion of ambrosia {unknown}

Dungeon Overview and Level Annotations

Branches:
Dungeon (3/15)

Annotations:
D:3 Crazy Yiuf

▒▒▒.............▒..
▒▒▒▒▒▒▒▒▒......▒▒..........
▒.........▒....▒▒........▒▒
▒.▒▒▒▒▒▒▒▒▒▒▒▒▒▒▒▒......▒▒▒
▒.▒ ▒......▒ ▒▒.▒ ▒......▒
▒..▒▒▒▒ ▒▒▒ ▒......▒
▒..▒..▒▒ ▒▒▒..)▒ ▒▒▒▒▒▒▒▒
▒....P.▒▒▒▒pg...▒
▒▒......▒..▒▒...▒
▒▒▒...▒.▒▒▒ ▒▒▒ ▒▒▒▒▒▒▒


You could see Crazy Yiuf.


Message History

Options error: Unknown monster: "queen ant:lightgreen B" (~/.crawlrc:1492) Options error: Unknown monster: "soldier ant:white B" (~/.crawlrc:1493) Options error: Unknown monster: "blood saint:9" (~/.crawlrc:1525) Options error: Unknown monster: "warmonger:9" (~/.crawlrc:1526) Options error: Unknown monster: "corrupter:9" (~/.crawlrc:1527) Options error: Unknown monster: "black sun:9" (~/.crawlrc:1528) Options error: Unknown monster: "greater mummy:lightmagenta M" (~/.crawlrc:1534) Bad channel name for runrest: 'Jiyva says: Divide and consume' Welcome back, sanka the Demigod Earth Elementalist.
Unknown command.
You open the door.
Crazy Yiuf says, "You dark fast!"
The blast of sand hits Crazy Yiuf but does no damage.
Crazy Yiuf says, "Powder senile blue!"
Crazy Yiuf hits you with a +3 quarterstaff of chaos.
You feel very mighty all of a sudden.
Crazy Yiuf hits you with a +3 quarterstaff of chaos!
You are electrocuted!
* * * LOW HITPOINT WARNING * * *
The blast of sand hits Crazy Yiuf!
Crazy Yiuf is moderately wounded.
Crazy Yiuf hits you with a +3 quarterstaff of chaos.
* * * LOW HITPOINT WARNING * * *
The blast of sand hits Crazy Yiuf!
Crazy Yiuf is severely wounded.
Crazy Yiuf yells, "Blight mobile sing-song!"
Crazy Yiuf hits you with a +3 quarterstaff of chaos!
* * * LOW HITPOINT WARNING * * *
Crazy Yiuf hits you with a +3 quarterstaff of chaos!
You die...

Action                   |  1- 3 |  4- 6 || total
-------------------------+-------+-------++-------
 Cast: Sandblast         |    59 |    66 ||   125
Armor: Robe              |    10 |    18 ||    28
Dodge: Dodged            |    15 |    19 ||    34

Levels and vault maps discovered:
D:1:      onia_arrival_handbag, layout_basic, minmay_misc_feat_hallway
D:2:      kennysheep_big_flooded_room, layout_basic, uniq_natasha
D:3:      cheibrodos_greedy_goblins, layout_rooms, uniq_crazy_yiuf_cottage

Notes
Turn   | Place    | Note
-------+----------+-------------------------------------------
     0 | D:1      | sanka the Demigod Earth Elementalist began the quest for
                  | the Orb.
     0 | D:1      | Reached XP level 1. HP: 14/14 MP: 5/5
    47 | D:1      | Reached skill level 2 in Spellcasting
   129 | D:1      | Reached skill level 3 in Earth Magic
   172 | D:1      | Reached XP level 2. HP: 20/20 MP: 1/7
  1131 | D:2      | Noticed Natasha
  1138 | D:2      | Killed Natasha
  1139 | D:2      | Reached skill level 4 in Earth Magic
  1139 | D:2      | Reached XP level 3. HP: 15/26 MP: 1/8
  1360 | D:2      | Noticed Natasha
  1363 | D:2      | Killed Natasha
  1364 | D:2      | Reached XP level 4. HP: 33/33 MP: 6/9
  1551 | D:2      | Noticed Natasha
  1574 | D:2      | Killed Natasha
  1575 | D:2      | Reached skill level 5 in Earth Magic
  1886 | D:3      | Identified the +3 whip "Dragonbane" {venom, Will+ MP+9
                  | Str-3 Stlth+}
  2027 | D:3      | Reached XP level 5. HP: 38/38 MP: 10/10
  2241 | D:3      | Got the Verses on Stony Interference
  2354 | D:3      | Reached skill level 6 in Earth Magic
  2527 | D:3      | Found a runed translucent door.
  2528 | D:3      | Noticed Crazy Yiuf
  2666 | D:3      | HP: 1/38 [Crazy Yiuf/+3 quarterstaff of chaos (15)]
  2666 | D:3      | Mangled by Crazy Yiuf

Vanquished Creatures
  2 orc priests (D:3)
  Natasha (thrice) (D:2)
  An orc wizard (D:3)
  An adder (D:2)
  A dart slug (D:2)
  7 orcs (D:3)
  2 ball pythons
  8 endoplasms
  2 giant cockroaches
  9 hobgoblins
  4 jackals (D:2)
  5 quokkas
  8 bats
  4 frilled lizards
  11 goblins
  5 kobolds
  7 rats
80 creatures vanquished.
